 Dungeon Crawl Stone Soup version 0.29-a0-360-g8ed1089bbe (webtiles) character file.

Game seed: 169358195181721191

301 avis the Sneak (level 6, -1/42 HPs)
             Began as an Octopode Transmuter on Apr 28, 2022.
             Slain by a gnoll
             ... wielding a +0 spear
              (7 damage)
             ... on level 4 of the Dungeon.
             The game lasted 00:21:44 (4394 turns).

avis the Sneak (Octopode Transmuter)                Turns: 4394, Time: 00:21:44

Health: -1/42      AC:  1    Str: 11    XL:     6   Next: 37%
Magic:  10/10      EV: 14    Int: 16    God:
Gold:   360        SH:  0    Dex: 18    Spells: 3/11 levels left

rFire   . . .      SeeInvis +     - Unarmed
rCold   . . .      Faith    .   (no shield)
rNeg    . . .      Spirit   .   (helmet currently unavailable)
rPois   .          Reflect  .   (no amulet)
rElec   .          Harm     .   u - +6 ring of dexterity
rCorr   .          Rampage  .   A - ring of see invisible
Will    .....                   (no ring)
Stlth   ++++......              (no ring)
HPRegen 0.14/turn               (no ring)
MPRegen 0.12/turn               (no ring)
                                (no ring)
                                (no ring)

@: appendages (expiring)
A: tentacle spike 3, almost no armour, amphibious, 8 rings, camouflage 1,
gelatinous body 1, (nimble swimmer 1), tentacles
a: End Transformation


You were on level 4 of the Dungeon.
One of your tentacles had grown a beastly spike.
You visited 1 branch of the dungeon, and saw 4 of its levels.

You collected 360 gold pieces.

Inventory:

Hand Weapons
 m - a +2 long sword of draining
 o - a +3 great mace of protection
Missiles
 a - a boomerang
 b - 22 poisoned darts
 c - 88 stones
Magical Staves
 g - a staff of death
Jewellery
 n - a ring of ice
 u - a +6 ring of dexterity (left tentacle)
 y - a ring of flight
 A - a ring of see invisible (right tentacle)
Scrolls
 d - 2 scrolls of immolation {unknown}
 h - a scroll of silence {unknown}
 i - a scroll of teleportation {unknown}
 r - a scroll of fog {unknown}
 s - 2 scrolls of identify {unknown}
 t - 3 scrolls of blinking {unknown}
 v - a scroll of noise {unknown}
 w - a scroll of enchant armour {unknown}
 x - a scroll of summoning {unknown}
Potions
 e - a potion of brilliance
 f - 2 potions of might {unknown}
 j - a potion of flight {unknown}
 k - a potion of ambrosia {unknown}
 l - a potion of heal wounds {unknown}
 p - 2 potions of mutation {unknown}
 q - a potion of curing {unknown}
 z - a potion of degeneration {unknown}


   Skills:
 - Level 3.0 Fighting
 - Level 3.0 Dodging
 * Level 4.1 Stealth
 - Level 3.0 Unarmed Combat
 - Level 3.0 Spellcasting
 - Level 3.0 Transmutations
 - Level 2.0 Poison Magic


You had 3 spell levels left.
You knew the following spells:

 Your Spells              Type           Power      Damage    Failure   Level
a - Beastly Appendage     Tmut           24%        N/A       5%          1
p - Spider Form           Tmut/Pois      10%        N/A       21%         3
q - Ice Form              Ice/Tmut       7%         N/A       69%         4

Your spell library contained the following spells:

 Spells                   Type           Power      Damage    Failure   Level
 Wereblood                Tmut           12%        N/A       9%          2
 Sublimation of Blood     Necr           2%         N/A       28%         2
 Summon Hydra             Summ           1%         N/A       100%        7


Dungeon Overview and Level Annotations

Branches:
Dungeon (4/15)
 Temple: D:4-7

Altars:
Makhleb


Innate Abilities, Weirdness & Mutations

One of your tentacles has grown a beastly spike.
You cannot wear most types of armour.
You are amphibious.
You can wear up to eight rings at the same time.
Your skin changes colour to match your surroundings (Stealth+).
Your rubbery body absorbs attacks. (AC +1, EV +1)
((You are camouflaged when in or above water. (Stealth+)))
You have tentacles for arms and can constrict up to eight enemies at once.


Message History

The kobold is severely wounded.
The kobold closely misses you.
You tentacle-slap the kobold but do no damage.
You grab the kobold.
You pierce the kobold.
You kill the kobold!
Training target 3.0 for Spellcasting reached!
Your Spellcasting skill increases to level 3!
You need to enable at least one skill for training.
The gnoll attacks as you move away! The gnoll hits you with a +0 whip!
The gnoll attacks as you move away! The gnoll closely misses you.
The gnoll attacks as you move away! The gnoll hits you with a +0 whip!
You tentacle-slap the gnoll but do no damage.
Your grab misses the gnoll.
You pierce the gnoll.
You squeeze the gnoll.
The gnoll is lightly wounded.
Your transformation is almost over.
The gnoll hits you with a +0 whip.
You closely miss the gnoll. You grab the gnoll.
You pierce the gnoll.
You squeeze the gnoll.
The gnoll is severely wounded.
You constrict the gnoll. The gnoll hits you with a +0 whip!
* * * LOW HITPOINT WARNING * * *
You tentacle-slap the gnoll. You squeeze the gnoll.
You kill the gnoll!
You tentacle-slap the gnoll. Your grab misses the gnoll.
You squeeze the gnoll, but do no damage.
The gnoll is moderately wounded.
The gnoll closely misses you.
You tentacle-slap the gnoll. You grab the gnoll.
You pierce the gnoll, but do no damage.
The gnoll is moderately wounded.
You constrict the gnoll. The gnoll barely misses you.
You tentacle-slap the gnoll but do no damage.
The gnoll is moderately wounded.
You constrict the gnoll. The gnoll hits you with a +0 spear.
* * * LOW HITPOINT WARNING * * *
You tentacle-slap the gnoll.
The gnoll is severely wounded.
You constrict the gnoll, but do no damage.
The gnoll hits you with a +0 spear!
You die...

## ####.# ### #.#@# #.#
##gg## #.## ##....#
##..#######.##..).#
##.##...##...####.g...#
#.######..#...# ##....#
##.## #..##..# ....#
##. #..####..##...#
...# #...
##..##........#####....
##...


You could see 2 gnolls.

Vanquished Creatures
  A scorpion (D:4)
  3 orc wizards (D:4)
  3 adders (D:2)
  5 gnolls (D:4)
  3 worms
  3 dart slugs (D:1)
  6 orcs (D:4)
  9 endoplasms
  2 giant cockroaches
  7 goblins
  6 hobgoblins
  3 quokkas
  10 ball pythons
  7 bats
  4 frilled lizards
  9 kobolds
  4 rats
85 creatures vanquished.

Vanquished Creatures (others)
  9 plants (D:2)
9 creatures vanquished.

Grand Total: 94 creatures vanquished

Notes
Turn   | Place    | Note
-------+----------+-------------------------------------------
     0 | D:1      | avis the Octopode Transmuter began the quest for the Orb.
     0 | D:1      | Reached XP level 1. HP: 13/13 MP: 3/3
    31 | D:1      | Reached skill level 1 in Stealth
   246 | D:1      | Reached XP level 2. HP: 19/19 MP: 3/5
   530 | D:1      | Reached skill level 2 in Stealth
   640 | D:1      | Reached XP level 3. HP: 25/25 MP: 4/6
   702 | D:1      | Learned a level 3 spell: Spider Form
  1218 | D:2      | Reached skill level 3 in Stealth
  1218 | D:2      | Reached XP level 4. HP: 20/31 MP: 7/7
  2611 | D:3      | Found a faded altar of an unknown god.
  3160 | D:3      | Found a burning altar of Makhleb.
  3388 | D:4      | Reached XP level 5. HP: 20/36 MP: 8/8
  3394 | D:4      | Reached skill level 4 in Stealth
  3398 | D:4      | Reached skill level 1 in Poison Magic
  3982 | D:4      | Reached XP level 6. HP: 40/42 MP: 9/9
  4100 | D:4      | Learned a level 4 spell: Ice Form
  4394 | D:4      | Slain by a gnoll

Illustrated notes

Levels and vault maps discovered:
D:1:      saegor_arrival_miasma, layout_loops_ring, st_stairs_7
D:2:      layout_loops_ring, hangedman_abyss_or_decor_lesser_grid,
          serial_bayou_ford_a
D:3:      layout_basic, lightli_temple_of_fire,
          nicolae_ecumenical_snake_handling
D:4:      layout_layer_cave

Skill      XL: |  1  2  3  4  5  6 |
---------------+-------------------+-----
Stealth        | 1 2 3 4 |  4.1
Fighting       | 2 3 |  3.0
Dodging        | 3 |  3.0
Poison Magic   | 2 |  2.0
Transmutations | 3 |  3.0
Spellcasting   | 3 |  3.0
Unarmed Combat | |  3.0

Action                   |  1- 3 |  4- 6 || total
-------------------------+-------+-------++-------
Melee: Unarmed           |    64 |   106 ||   170
       Constrict         |    15 |    26 ||    41
       Kick              |    15 |    34 ||    49
       Tentacles         |    11 |    17 ||    28
       Punch             |     3 |     4 ||     7
 Cast: Beastly Appendage |    24 |    39 ||    63
       Spider Form       |       |     1 ||     1
  Use: Potion            |       |     2 ||     2
 Stab: Sleeping          |    13 |    17 ||    30
       Distracted        |       |     1 ||     1
Armor: Skin              |     6 |    62 ||    68
Dodge: Dodged            |    28 |    44 ||    72

Table legend: (Time is in decaauts)
 A = Elapsed time spent in this place.
 B = Non-inter-level travel time spent in this place.
 C = Inter-level travel time spent in this place.
 D = Time resting spent in this place.
 E = Time spent auto-exploring this place.
 F = Levels seen in this place.
 G = Mean time per level.
                   A        B        C        D        E       F      G
               +--------+--------+--------+--------+--------+-----+--------+
         Total |   4390 |   4118 |    272 |   1092 |   1976 |   4 | 1097.5 |
       Dungeon |   4390 |   4118 |    272 |   1092 |   1976 |   4 | 1097.5 |
               +--------+--------+--------+--------+--------+-----+--------+

Top non-repeatable levels by time:
     D:2: 1316 daAuts
     D:4: 1106 daAuts
     D:1: 1086 daAuts
     D:3: 881 daAuts
